 Dungeon Crawl Stone Soup version 0.31-a0-431-g88bdf31460 (webtiles) character file.

Game seed: 5466261942143832689

10468 Newt the Markskobold (level 11, -3/56 HPs)
             Began as a Kobold Hunter on July 31, 2023.
             Was a Priest of Hepliaklqana.
             Slain by an eight-headed hydra (8 damage)
             ... in a Gauntlet.
             The game lasted 00:15:19 (13340 turns).

Newt the Markskobold (Kobold Hunter)               Turns: 13340, Time: 00:15:20

Health: -3/56      AC:  7    Str:  9      XL:     11   Next: 93%
Magic:  0/11       EV: 19    Int:  8 (11) God:    Hepliaklqana [***...]
Gold:   1609       SH: 11    Dex: 24 (25) Spells: 10/10 levels left

rFire   + . .        p - +3 sling (chaos)
rCold   + . .        w - +0 kite shield
rNeg    . . .        z - +0 acid dragon scales
rPois   .            (no helmet)
rElec   .            A - scarf of a bazaar {rC+ rF+, +Inv Dex+3 Stlth+}
rCorr   +            q - +0 pair of gloves
SInv    .            (no boots)
Will    +....        k - amulet of guardian spirit
Stlth   ++++         h - +4 ring of slaying
HPRegen 0.29/turn    B - ring of willpower
MPRegen 0.12/turn

%: no teleportation, guardian spirit
@: no status effects
A: reduced essence, small, no large weapons, nightstalker 3
a: Renounce Religion, Evoke Invisibility, Ancestor Life: Knight, Ancestor Life:
Battlemage, Ancestor Life: Hexer, Recall Ancestor, Ancestor Identity,
Transference


You were in a Gauntlet.
You worshipped Hepliaklqana.
Hepliaklqana was most pleased with you.
You visited 3 branches of the dungeon, and saw 13 of its levels.
You also visited: Bailey and Gauntlet.

You collected 1673 gold pieces.
You spent 64 gold pieces at shops.

Inventory:

Hand Weapons
 a - a +0 shortbow of chaos
 p - a +3 sling of chaos (weapon)
Missiles
 F - a throwing net
Armour
 c - a +1 leather armour
 q - a +0 pair of gloves (worn)
 t - an orb of mayhem
 w - a +0 kite shield (worn)
 z - +0 acid dragon scales (worn)
 A - the scarf of a bazaar (worn) {rC+ rF+, +Inv Dex+3 Stlth+}
   (You acquired it in a bailey)

   Dex:       It affects your dexterity (+3).
   +Inv:      It lets you turn invisible.
   Stlth:     It makes you more stealthy.
Jewellery
 f - a ring of protection from fire
 h - a +4 ring of slaying (left hand)
 k - an amulet of guardian spirit (around neck)
 B - a ring of willpower (right hand)
 E - a ring of magical power
 G - a ring of willpower
 I - a ring of see invisible
Wands
 l - a wand of charming (16)
 r - a wand of polymorph (9)
 s - a wand of flame (49)
 v - a wand of mindburst (10)
Scrolls
 b - 2 scrolls of butterflies
 g - a scroll of enchant armour
 y - a scroll of blinking
 H - a scroll of amnesia
Potions
 d - 4 potions of curing
 e - 5 potions of might
 i - 2 potions of berserk rage
 j - 4 potions of magic
 m - a potion of mutation
 n - 6 potions of brilliance
 u - 2 potions of degeneration
 x - 2 potions of ambrosia {unknown}
 D - 2 potions of resistance


   Skills:
 - Level 5.0 Fighting
 - Level 18.0 Ranged Weapons
 - Level 10.0 Dodging
 - Level 1.3 Stealth
 - Level 5.0 Shields
 + Level 5.1 Evocations


You had 10 spell levels left.
You didn't know any spells.
Your spell library contained the following spells:

 Spells                   Type           Power      Damage    Failure   Level
 Sandblast                Erth           0%         2d4       97%         1
 Slow                     Hex            0%         N/A       97%         1
 Passwall                 Tmut/Erth      0%         N/A       99%         2
 Static Discharge         Conj/Air       0%         2-2/arc   99%         2
 Confusing Touch          Hex            0%         N/A       100%        3
 Stone Arrow              Conj/Erth      0%         3d7       100%        3
 Vampiric Draining        Necr           0%         2d6       100%        3
 Airstrike                Air            0%         2d(0-16)  100%        4
 Summon Lightning Spire   Summ/Air       0%         N/A       100%        4


Dungeon Overview and Level Annotations

Branches:
Dungeon (11/15)            Temple (1/1) D:7            Lair (1/5) D:8
    Orc (0/2) D:10         Bailey (visited)         Gauntlet (1/1)

Altars:
Ashenzari
Cheibriados
Dithmenos
Elyvilon
Fedhas
Gozag
Hepliaklqana
Kikubaaqudgha
Makhleb
Nemelex Xobeh
Okawaru
Qazlal
Ru
Sif Muna
Trog
Uskayaw
Vehumet
Wu Jian
Xom
Yredelemnul
Zin
The Shining One

Shops:
D:5 *

Annotations:
D:3 1 runed translucent door, Dordric's ghost, amateur HOMo Gauntlet 13 transporters, 16 runed translucent doors, exclusion: orange crystal statue


Innate Abilities, Weirdness & Mutations

Your life essence is reduced to manifest your ancestor. (-10% HP)
You are small and have problems with some larger weapons.
You are completely attuned to the shadows.


Message History

Your Evocations skill increases to level 5!
Unknown command.
Unknown command.
You start resting.
The eight-headed hydra is no longer charmed.
The eight-headed hydra bites you but does no damage.
The eight-headed hydra completely misses you.
You block the eight-headed hydra's attack.
The eight-headed hydra bites you. The eight-headed hydra misses you.
You block the eight-headed hydra's attack.
The eight-headed hydra barely misses you.
The eight-headed hydra closely misses you.
Aiming: Mindburst
Press: ? - help, Shift-Dir - straight line, f - eight-headed hydra
Aim: an eight-headed hydra (lightly wounded, unusually agile, chance to affect: 50%)
The eight-headed hydra resists with significant effort.
The eight-headed hydra bites you.
The eight-headed hydra closely misses you.
The eight-headed hydra misses you. The eight-headed hydra bites you!
The eight-headed hydra misses you. The eight-headed hydra bites you.
* * * LOW HITPOINT WARNING * * *
The eight-headed hydra bites you.
* * * LOW HITPOINT WARNING * * *
You block the eight-headed hydra's attack.
Unknown command.
As you read the scroll of fear, it crumbles to dust.
You assume a fearsome visage.
The eight-headed hydra looks frightened!
Unknown command.
Cornered, the eight-headed hydra turns to fight!
The eight-headed hydra enters a dispersal trap!
You blink.
You can now swap creatures with your ancestor.
The eight-headed hydra is no longer unusually agile.
As you read the scroll of fear, it crumbles to dust.
You assume a fearsome visage.
The eight-headed hydra easily resists.
The eight-headed hydra bites you!
* * * LOW HITPOINT WARNING * * *
The eight-headed hydra bites you!
You die...

### ###..#©#©. +8©#©#..### #8#
#8#..#.#.. +.?#.#..#8#
###########..#.#++# ..#.#..###
#8#..........#.#.^+ .#.#.....
###..........#.#..+.. .#.#.....
.....#########.###### ##.######
.....#©........#§≈§§8 ≈#.......
.#############.###### ##.######
.#....©....#.#.#@.... .#.#.###.
.#..#...#..#.#.#D..## .#.#.###.
.#†#######.#.#.#.^..# "#.#.#..#
.##†.#.#..##.#.#.#..# #?#.#.#©.#
.#....©....#.#©#.#### #.©#©#.#.##
.##..#.#..##.###.#.©# .#:###.#..2
.#.##...##.#...#.D..#..^.#...##.#
.#..#...#..#...#..†###.^.#...##.#
.#...#.#...#...#....^....#...#...


You could see an eight-headed hydra.

Vanquished Creatures
  A two-headed ogre (Bailey)
  A cyclops (D:7)
  A torpor snail (Gauntlet)
  2 hornets (Gauntlet)
  4 spriggans (Bailey)
  10 yaks
  A wyvern (D:7)
  3 steam dragons
  3 vampire mosquitoes (D:11)
  Grum (D:9)
  2 acid dragons
  A water moccasin (D:7)
  5 orc warriors
  3 sky beasts (D:7)
  2 ice beasts
  2 wolves (D:9)
  9 ogres
  2 phantoms
  5 centaurs
  3 kobold brigands
  6 bullfrogs
  A gnoll sergeant (D:9)
  6 wights
  A killer bee (D:6)
  3 howler monkeys
  4 hounds
  2 jellies (D:6)
  2 orc priests
  8 iguanas
  19 orc wizards
  3 sleepcaps
  9 gnolls
  5 adders
  4 shadow imps
  7 white imps
  4 worms (D:2)
  2 dart slugs (D:2)
  49 orcs
  10 ball pythons
  4 bats
  9 endoplasms
  4 giant cockroaches
  12 goblins
  4 hobgoblins
  3 quokkas
  A frilled lizard (D:3)
  18 kobolds
  2 rats (D:2)
263 creatures vanquished.

Vanquished Creatures (collateral kills)
  A yak (D:9)
  A vampire mosquito (D:11)
  An orc warrior (D:10)
  A wolf (D:9)
  A gnoll sergeant (D:10)
  2 orcs
7 creatures vanquished.

Vanquished Creatures (others)
  An ogre (D:6)
  6 ancestors
7 creatures vanquished.

Grand Total: 277 creatures vanquished

Notes
Turn   | Place    | Note
-------+----------+-------------------------------------------
     0 | D:1      | Newt the Kobold Hunter began the quest for the Orb.
     0 | D:1      | Reached XP level 1. HP: 12/12 MP: 1/1
   361 | D:1      | Reached XP level 2. HP: 18/18 MP: 2/2
   821 | D:2      | Reached XP level 3. HP: 24/24 MP: 3/3
  1029 | D:2      | Reached XP level 4. HP: 29/30 MP: 4/4
  1515 | D:3      | Reached skill level 5 in Fighting
  1770 | D:3      | Reached XP level 5. HP: 25/35 MP: 5/5
  2458 | D:3      | Found a runed translucent door.
  2459 | D:3      | Noticed Dordric's ghost (amateur HOMo)
  2491 | D:3      | Noticed an ogre
  2536 | D:4      | Reached skill level 6 in Ranged Weapons
  2821 | D:4      | You fall into a shaft and drop 2 floors!
  2848 | D:5      | Entered Level 5 of the Dungeon
  2848 | D:5      | Noticed an ogre
  2898 | D:6      | Reached skill level 7 in Ranged Weapons
  2921 | D:6      | Identified the +0 plate armour of Zin's Hatred {Fly}
  2933 | D:5      | Reached XP level 6. HP: 40/40 MP: 6/6
  3163 | D:5      | Noticed an ice beast
  3181 | D:5      | Killed an ice beast
  3182 | D:5      | Reached skill level 8 in Ranged Weapons
  3312 | D:5      | Reached XP level 7. HP: 37/44 MP: 7/7
  3589 | D:5      | Reached skill level 9 in Ranged Weapons
  3888 | D:4      | Reached skill level 10 in Ranged Weapons
  4333 | D:5      | Found Nalago Vyto's Assorted Antiques.
  4339 | D:5      | Bought a scroll labelled NEL BEOTTI for 32 gold pieces
  4339 | D:5      | Bought a scroll labelled ARESERUBLY for 32 gold pieces
  4685 | D:5      | Reached XP level 8. HP: 37/49 MP: 8/8
  4791 | D:5      | Reached skill level 5 in Dodging
  4935 | D:5      | Found a basalt altar of Yredelemnul.
  4935 | D:5      | Found an ornate altar of the Wu Jian Council.
  5465 | D:6      | Reached skill level 11 in Ranged Weapons
  5576 | D:6      | Reached skill level 12 in Ranged Weapons
  5576 | D:6      | Reached XP level 9. HP: 41/54 MP: 9/9
  5718 | D:6      | Reached skill level 13 in Ranged Weapons
  6182 | D:7      | Reached skill level 14 in Ranged Weapons
  6446 | D:7      | Identified a scroll of acquirement
  6446 | D:7      | Acquired 923 gold pieces
  6450 | D:7      | Noticed a cyclops
  6461 | D:7      | Killed a cyclops
  6535 | D:7      | Reached skill level 15 in Ranged Weapons
  6535 | D:7      | Reached skill level 1 in Shields
  6784 | D:7      | Reached XP level 10. HP: 54/59 MP: 10/10
  7162 | D:7      | Found a staircase to the Ecumenical Temple.
  7282 | Temple   | Entered the Ecumenical Temple
  7285 | Temple   | Became a worshipper of Hepliaklqana the Forgotten
  7653 | D:7      | Reached skill level 5 in Shields
  7662 | D:7      | HP: 1/59 [something (6)]
  8690 | D:8      | Found a staircase to the Lair.
  9455 | D:9      | Found a flagged portal.
  9461 | Bailey   | Entered a bailey
  9600 | Bailey   | Reached skill level 10 in Dodging
  9619 | Bailey   | Reached XP level 11. HP: 38/63 MP: 8/11
  9783 | Bailey   | Noticed a two-headed ogre
  9823 | Bailey   | Killed a two-headed ogre
  9824 | Bailey   | Reached skill level 16 in Ranged Weapons
  9954 | Bailey   | Reached * piety under Hepliaklqana
  9987 | Bailey   | Acquired the scarf of a bazaar {rC+ rF+, +Inv Dex+3 Stlth+}
 10081 | D:9      | Found a sacrificial altar of Ru.
 10161 | D:9      | Noticed Grum
 10396 | D:9      | Reached skill level 17 in Ranged Weapons
 10410 | D:9      | Killed Grum
 11093 | D:10     | Entered Level 10 of the Dungeon
 11154 | D:10     | Found a white marble altar of Elyvilon.
 11528 | D:10     | Reached ** piety under Hepliaklqana
 11752 | D:10     | Found a stormy altar of Qazlal.
 11853 | D:10     | Found a staircase to the Orcish Mines.
 12172 | D:11     | Found a faded altar of an unknown god.
 12247 | D:11     | Noticed a boulder beetle
 12497 | D:9      | Reached skill level 18 in Ranged Weapons
 12550 | Lair:1   | Entered Level 1 of the Lair of Beasts
 12648 | Lair:1   | Reached skill level 1 in Evocations
 12761 | Lair:1   | Found a gate leading to a gauntlet.
 12767 | Gauntlet | Entered a Gauntlet
 12767 | Gauntlet | Found a transporter.
 12767 | Gauntlet | Found a transporter.
 12789 | Gauntlet | Noticed a soul eater
 12822 | Gauntlet | Noticed a sixfirhy
 12824 | Gauntlet | Found a transporter.
 12844 | Gauntlet | Noticed a sixfirhy
 12849 | Gauntlet | Noticed an eight-headed hydra
 12854 | Gauntlet | Noticed a sixfirhy
 12856 | Gauntlet | Found a transporter.
 12866 | Gauntlet | Noticed a blizzard demon
 12871 | Gauntlet | Found a transporter.
 12871 | Gauntlet | Found a transporter.
 12874 | Gauntlet | Noticed an entropy weaver
 12879 | Gauntlet | Noticed a wolf spider
 12901 | Gauntlet | Found a transporter.
 12931 | Gauntlet | Found a transporter.
 12974 | Gauntlet | Found a transporter.
 12982 | Gauntlet | Found a transporter.
 12987 | Gauntlet | Found a large runed translucent door.
 12987 | Gauntlet | Found a large runed translucent door.
 12988 | Gauntlet | Found a large runed translucent door.
 12988 | Gauntlet | Found a large runed translucent door.
 12992 | Gauntlet | Found a large runed translucent door.
 12992 | Gauntlet | Found a large runed translucent door.
 12993 | Gauntlet | Found a large runed translucent door.
 12994 | Gauntlet | Found a large runed translucent door.
 12995 | Gauntlet | Found a large runed translucent door.
 12995 | Gauntlet | Found a large runed translucent door.
 13005 | Gauntlet | Found a runed translucent gate.
 13006 | Gauntlet | Found a transporter.
 13006 | Gauntlet | Noticed an orange crystal statue
 13016 | Gauntlet | Found a transporter.
 13044 | Gauntlet | Found a runed translucent gate.
 13044 | Gauntlet | Found a runed translucent gate.
 13058 | Gauntlet | Found a runed translucent door.
 13102 | Gauntlet | Found a transporter.
 13110 | Gauntlet | Found a transporter.
 13125 | Gauntlet | Found a transporter.
 13139 | Gauntlet | Found a transporter.
 13176 | Gauntlet | Noticed a wretched star
 13300 | Gauntlet | Found a large runed translucent door.
 13300 | Gauntlet | Found a large runed translucent door.
 13320 | Gauntlet | Reached skill level 5 in Evocations
 13339 | Gauntlet | Reached *** piety under Hepliaklqana
 13340 | Gauntlet | Slain by an eight-headed hydra

Illustrated notes

Levels and vault maps discovered:
D:1:      eino_arrival_tree_alley, layout_basic, serial_glass, glass_columns_c,
          glass_columns_a, minmay_misc_feat_cross, nrook_mini_vaults,
          serial_bayou_pond_e
D:2:      layout_basic, minmay_bisected
D:3:      layout_loops_corners, ebering_ghost_inner_flame, minmay_door_square,
          amcnicky_mini_corridor_feature
D:4:      layout_loops_ring
D:5:      layout_layer_cave, gammafunk_temple_overflow_wave, serial_shops,
          nicolae_lakefront_shop, st_stairs_4, kennysheep_boxes
D:6:      minmay_opposing_rooms, layout_rooms, st_stairs_5
D:7:      minmay_razor_zed, layout_basic, minmay_temple_entry_junction,
          serial_glass, glass_columns_b, glass_columns_a
D:8:      layout_basic, lair_entry_dummy
D:9:      layout_long_grid, nicolae_ru_awakened_eye, serial_co_window_serial,
          co_window_corner_a, co_window_of_opportunity_a, co_window_paths_a,
          co_window_paths_a, co_window_paths_a, co_window_corner_b,
          co_window_corner_b, co_window_2corner, enter_bailey_3,
          minmay_diced_spiral, uniq_grum
D:10:     layout_basic, kennysheep_little_box, elyvilon_altar_1, orc_0_dummy
D:11:     layout_cave_pods, serial_column_ruins, column_ruins_temple_hall,
          column_ruins_grid_2, column_ruins_columns_straight,
          column_ruins_corridor_straight, column_ruins_columns_water,
          column_ruins_open_tiny, column_ruins_open_tiny,
          minmay_misc_feat_four_crosses, kb_rosetta
Temple:   sentei_temple_godly_chess
Lair:1:   cheibrodos_lair_river_kwai, layout_hall_layers, gauntlet_entry_generic
Gauntlet: gammafunk_gauntlet_branching [gammafunk_gauntlet_arena_chambers,
          nicolae_gauntlet_arena_flowing_pool,
          minmay_gauntlet_arena_make_your_own_arena,
          nicolae_gauntlet_arena_t_cross, gammafunk_gauntlet_arena_split_x,
          gammafunk_gauntlet_arena_spirals, gammafunk_gauntlet_arena_crates,
          gammafunk_gauntlet_arena_open, gauntlet_exit_green]

Skill      XL: |  1  2  3  4  5  6  7  8  9 10 11 |
---------------+----------------------------------+-----
Fighting       | 3 4 5 |  5.0
Ranged Weapons | 7 8 10 12 15 18 | 18.0
Dodging        | 4 6 10 | 10.0
Shields        | 2 5 |  5.0
Evocations     | 5 |  5.1
Stealth        | |  1.3

Action                     |  1- 3 |  4- 6 |  7- 9 | 10-12 || total
---------------------------+-------+-------+-------+-------++-------
   Fire: Shortbow          |    48 |    93 |       |       ||   141
         Sling             |       |    59 |   296 |   500 ||   855
 Invoke: Recall Ancestor   |       |       |       |     1 ||     1
  Evoke: Wand              |       |       |       |     4 ||     4
    Use: Scroll            |     5 |     6 |    10 |     9 ||    30
         Potion            |       |     1 |     3 |     5 ||     9
 Armour: Leather armour    |     2 |    25 |    22 |    14 ||    63
         Acid dragon scale |       |       |       |    18 ||    18
  Dodge: Dodged            |     6 |    59 |   102 |   156 ||   323
  Block: Kite shield       |       |       |     7 |   139 ||   146

Table legend: (Time is in decaauts)
 A = Elapsed time spent in this place.
 B = Non-inter-level travel time spent in this place.
 C = Inter-level travel time spent in this place.
 D = Time resting spent in this place.
 E = Time spent auto-exploring this place.
 F = Levels seen in this place.
 G = Mean time per level.
                   A        B        C        D        E       F      G
               +--------+--------+--------+--------+--------+-----+--------+
         Total |  13376 |  12696 |    680 |   1868 |   8943 |  15 |  891.7 |
       Dungeon |  11995 |  11316 |    679 |   1493 |   8364 |  11 | 1090.5 |
        Temple |      6 |      6 |      0 |      0 |      0 |   1 |    6.0 |
          Lair |    218 |    218 |      0 |     74 |     53 |   1 |  218.0 |
        Bailey |    580 |    580 |      0 |    241 |    163 |   1 |  580.0 |
      Gauntlet |    576 |    576 |      0 |     60 |    363 |   1 |  576.0 |
               +--------+--------+--------+--------+--------+-----+--------+

Top non-repeatable levels by time:
     D:7: 2120 daAuts
     D:5: 1754 daAuts
     D:8: 1315 daAuts
     D:9: 1194 daAuts
     D:3: 1124 daAuts
    D:10: 1095 daAuts
     D:1: 815 daAuts
     D:2: 775 daAuts
     D:6: 770 daAuts
     D:4: 755 daAuts
  Bailey: 580 daAuts
Gauntlet: 576 daAuts
    D:11: 273 daAuts
  Lair:1: 218 daAuts
  Temple: 6 daAuts
